 Dungeon Crawl Stone Soup version 0.31-a0-940-gdaa99269f9 (webtiles) character file.

Game seed: 11580315405490361127

81 CowFu the Ogre Mage (level 4, -3/39 (41) HPs)
             Began as an Ogre Hedge Wizard on Oct 20, 2023.
             Was a Follower of Ru.
             Slain by Crazy Yiuf
             ... wielding a +2 quarterstaff of chaos
              (4 damage)
             ... on level 2 of the Dungeon.
             The game lasted 00:03:35 (2437 turns).

CowFu the Ogre Mage (Ogre Hedge Wizard)             Turns: 2437, Time: 00:03:36

HP:   -3/39 (41)    AC:  3    Str: 16    XL:     4   Next: 42%
MP:   0/9           EV:  9    Int: 15    God:    Ru [*.....]
Gold: 32            SH:  0    Dex:  8    Spells: 4/10 levels left

rFire   + + .        e - +0 mace
rCold   + + .        (no shield)
rNeg    . . .        b - +0 robe
rPois   +            c - +0 hat
rElec   +            (no cloak)
rCorr   +            (gloves unavailable)
SInv    .            (boots unavailable)
Will    .....        (no amulet)
Stlth   ++           k - ring of protection from fire
HPRegen 0.26/turn    l - ring of protection from cold
MPRegen 0.11/turn

%: no passive effects
@: resistant, lightly drained
A: large, unfitting armour, tough skin 1, no necromancy magic, no poison magic,
no transmutations magic
a: Renounce Religion


You were on level 2 of the Dungeon.
You worshipped Ru.
Ru was aware of your devotion.
You visited 1 branch of the dungeon, and saw 2 of its levels.

You collected 32 gold pieces.

Inventory:

Hand Weapons
 a - a +0 dagger
 e - a +0 mace (weapon)
 j - a +0 flail
Armour
 b - a +0 robe (worn)
 c - a +0 hat (worn)
Jewellery
 k - a ring of protection from fire (left hand)
 l - a ring of protection from cold (right hand)
Scrolls
 f - 2 scrolls of noise {unknown}
 h - 2 scrolls of identify {unknown}
 i - a scroll of fear {unknown}
 m - a scroll of blinking {unknown}
Potions
 d - a potion of magic


   Skills:
 + Level 1.5 Fighting
 + Level 0.9 Maces & Flails
 + Level 2.1 Dodging
 + Level 1.8 Stealth
 + Level 3.9 Spellcasting
 + Level 1.3 Conjurations
 + Level 0.2 Hexes
 + Level 1.5 Summonings
 + Level 1.3 Translocations


You had 4 spell levels left.
You knew the following spells:

 Your Spells              Type           Power      Damage    Failure   Level
a - Magic Dart            Conj           28%        1d4       11%         1
b - Call Imp              Summ           14%        N/A       14%         2
c - Blink                 Tloc           14%        N/A       16%         2
d - Slow                  Hex            12%        N/A       17%         1

Your spell library contained the following spells:

 Spells                   Type           Power      Damage    Failure   Level
 Searing Ray              Conj           14%        2d5       16%         2
 Fulminant Prism          Conj/Hex       2%         3d5       78%         4
 Freezing Cloud           Conj/Ice/Air   2%         6-21      99%         5
 Cigotuvi's Dreadful Rot  Necr/Pois/Air  Unusable   N/A       N/A         2
 Poisonous Vapours        Pois/Air       Unusable   N/A       N/A         2
 Mephitic Cloud           Conj/Pois/Air  Unusable   N/A       N/A         3

Dungeon Overview and Level Annotations

Branches:
Dungeon (2/15)

Altars:
Ru

Shops:
D:2 :

Annotations:
D:2 Crazy Yiuf


Innate Abilities, Weirdness & Mutations

You are too large for most types of armour.
You have tough skin. (AC +1)
You cannot study or cast Necromancy magic.
You cannot study or cast Poison magic.
You cannot study or cast Transmutations magic.


Message History

You closely miss Crazy Yiuf.
Crazy Yiuf is lightly wounded.
You feel very sick. Crazy Yiuf closely misses you.
Your cerulean imp closely misses Crazy Yiuf.
What are your orders? t - Shout!
Orders for allies: a - Attack new target. p - Attack previous target. r - Retreat! s - Stop attacking. g - Guard the area. f - Follow me.
Anything else - Cancel.
Gang up on whom?
Press: ? - help, Dir - move target, f/p - Crazy Yiuf
Aim: Crazy Yiuf, wielding a +2 quarterstaff of chaos and wearing a +1 cloak (lightly wounded, ally target) Attack!
You feel sick.
Crazy Yiuf glowers.
Crazy Yiuf hits you with a +2 quarterstaff of chaos!
* * * LOW HITPOINT WARNING * * *
Your cerulean imp hits Crazy Yiuf from afar with a -4 spear.
It was a potion of curing.
You feel better.
Crazy Yiuf hits you with a +2 quarterstaff of chaos!
* * * LOW HITPOINT WARNING * * *
You feel your power leaking away.
Your cerulean imp hits Crazy Yiuf from afar with a -4 spear.
You feel better.
Crazy Yiuf whimpers, "Proton!"
Crazy Yiuf hits you with a +2 quarterstaff of chaos!
* * * LOW HITPOINT WARNING * * *
You resist with some effort.
Your cerulean imp barely misses Crazy Yiuf.
Casting: Magic Dart (safe; 11% risk of failure)
Confirm with . or Enter, or press ? or * to list all spells.
Aiming: Magic Dart (safe; 11% risk of failure)
Press: ? - help, Shift-Dir - straight line, f/p - Crazy Yiuf
Aim: Crazy Yiuf, wielding a +2 quarterstaff of chaos and wearing a +1 cloak (moderately wounded, ally target, 100% to hit)
The magic dart hits Crazy Yiuf but does no damage.
Crazy Yiuf is moderately wounded.
Crazy Yiuf says, "Sif Muna sanguine testudinal!"
Crazy Yiuf hits you with a +2 quarterstaff of chaos.
You die...

.......# ##### ##...#.#...##
#.#.#### #...# #..8.#8#.8..#
#.#.# ###...###....#.#....#
#.#.# #...........#.#.#...#
#.#.# #...........#####...#
....######........##.......###
.†.........###....##########
....######## #...5# ....#
♣..@.♣ ....# ♣..g♣♣ ...###
♣♣.♣♣ .....# ♣.♣♣ #.##.# ♣♣.♣
#.##.####### ♣g♣♣ ....†......#
♣♣.♣ ...........# #'#
.###.#####<# ...


You could see Crazy Yiuf (ally target) and a friendly cerulean imp (summoned).

Vanquished Creatures
  Robin (D:2)
  A gnoll (D:1)
  3 worms (D:2)
  3 dart slugs
  A ball python (D:2)
  6 bats
  4 endoplasms (D:1)
  3 giant cockroaches
  5 goblins (D:2)
  5 hobgoblins (D:2)
  A quokka (D:2)
  3 frilled lizards
  4 kobolds
  5 rats (D:2)
45 creatures vanquished.

Notes
Turn   | Place    | Note
-------+----------+-------------------------------------------
     0 | D:1      | CowFu the Ogre Hedge Wizard began the quest for the Orb.
     0 | D:1      | Reached XP level 1. HP: 16/16 MP: 5/5
    21 | D:1      | Reached skill level 1 in Conjurations
    21 | D:1      | Reached skill level 1 in Summonings
    21 | D:1      | Reached skill level 1 in Translocations
    21 | D:1      | Reached XP level 2. HP: 22/26 MP: 0/6
   131 | D:1      | Found a faded altar of an unknown god.
   152 | D:1      | Prayed at the altar of an unknown god.
   152 | D:1      | Became a worshipper of Ru the Awakened
   168 | D:1      | Gained mutation: You cannot study or cast Poison magic. [Ru
                  | sacrifice]
   168 | D:1      | Gained mutation: You cannot study or cast Transmutations
                  | magic. [Ru sacrifice]
   168 | D:1      | Gained mutation: You cannot study or cast Necromancy magic.
                  | [Ru sacrifice]
   168 | D:1      | Reached * piety under Ru
   468 | D:1      | Reached skill level 1 in Fighting
   588 | D:1      | Reached XP level 3. HP: 33/33 MP: 2/8
   727 | D:1      | Learned a level 2 spell: Call Imp
   730 | D:1      | Learned a level 2 spell: Blink
   732 | D:1      | Learned a level 1 spell: Slow
  1710 | D:2      | Found Kasail's Book Emporium.
  1901 | D:2      | Reached XP level 4. HP: 35/41 MP: 1/9
  1914 | D:2      | Noticed Robin
  1925 | D:2      | Killed Robin
  2321 | D:2      | Found a runed translucent door.
  2322 | D:2      | Noticed Crazy Yiuf
  2436 | D:2      | HP: 1/39 [Crazy Yiuf/+2 quarterstaff of chaos (7)]
  2437 | D:2      | Slain by Crazy Yiuf

Illustrated notes

Levels and vault maps discovered:
D:1:      elethiomel_arrival_shortcut, layout_rooms, serial_aquarium,
          aquarium_bridge_long_joined [aquarium_subvault_window,
          aquarium_subvault_wall, aquarium_subvault_bridge,
          aquarium_subvault_balcony, aquarium_subvault_bridge,
          aquarium_subvault_wall], aquarium_bridge_square
          [aquarium_subvault_bridge, aquarium_subvault_window,
          aquarium_subvault_bridge, aquarium_subvault_window],
          aquarium_window_1, aquarium_window_fake, aquarium_window_corridor_3,
          aquarium_view_2b, aquarium_balcony_5a,
          shapermc_ecumenical_altar_mp_urbaneastern
D:2:      layout_loops_ring, serial_shops, shop, nicolae_twisty_statue_hallways,
          uniq_crazy_yiuf_cottage, uniq_robin

Skill      XL: |  1  2  3 |
---------------+----------+-----
Conjurations   | 1 |  1.3
Summonings     | 1 |  1.5
Translocations | 1 |  1.3
Fighting       | 1 |  1.5
Dodging        | 2 |  2.1
Maces & Flails | |  0.9
Stealth        | |  1.8
Spellcasting   | |  3.9
Hexes          | |  0.2

Action                     |  1- 3 |  4- 6 || total
---------------------------+-------+-------++-------
  Melee: Mace              |    15 |    26 ||    41
   Cast: Magic Dart        |   100 |    15 ||   115
         Call Imp          |     1 |     3 ||     4
 Invoke: Sacrifice Arcana  |     1 |       ||     1
    Use: Potion            |       |     2 ||     2
   Stab: Sleeping          |       |     1 ||     1
 Armour: Robe              |    22 |    25 ||    47
  Dodge: Dodged            |    13 |    12 ||    25

Table legend: (Time is in decaauts)
 A = Elapsed time spent in this place.
 B = Non-inter-level travel time spent in this place.
 C = Inter-level travel time spent in this place.
 D = Time resting spent in this place.
 E = Time spent auto-exploring this place.
 F = Levels seen in this place.
 G = Mean time per level.
                   A        B        C        D        E       F      G
               +--------+--------+--------+--------+--------+-----+--------+
         Total |   2450 |   2430 |     20 |      0 |   2104 |   2 | 1225.0 |
       Dungeon |   2450 |   2430 |     20 |      0 |   2104 |   2 | 1225.0 |
               +--------+--------+--------+--------+--------+-----+--------+

Top non-repeatable levels by time:
     D:2: 1372 daAuts
     D:1: 1077 daAuts
